 Dungeon Crawl Stone Soup version 0.22.1-1-ga44c0e5 (webtiles) character file.

10180 Fang the Cleaver (level 11, -31/71 HPs)
             Began as a Gargoyle Berserker on Oct 30, 2018.
             Was a High Priest of Trog.
             Hit by a large rock thrown by a cyclops (38 damage)
             ... on level 11 of the Dungeon.
             The game lasted 00:10:40 (8588 turns).

Fang the Cleaver (Gargoyle Berserker)               Turns: 8588, Time: 00:10:41

Health: -31/71     AC: 21    Str: 29    XL:     11   Next: 58%
Magic:  11/11      EV:  9    Int:  7    God:    Trog [*****.]
Gold:   602        SH:  2    Dex:  9    Spells: 10/10 levels left

rFire    . . .     SeeInvis .   x - +2 battleaxe
rCold    . . .     Gourm    .   (shield currently unavailable)
rNeg     + . .     Faith    .   k - +0 plate armour
rPois    ∞         Spirit   .   (no helmet)
rElec    +         Reflect  +   (no cloak)
rCorr    .         Harm     .   (no gloves)
MR       +....                  (no boots)
Stlth    ..........             b - +2 amulet of reflection
HPRegen  0.21/turn              w - +4 ring of strength
MPRegen  0.12/turn              y - ring of protection from magic

@: barbed spikes, berserk cooldown, slowed, very slow
A: negative energy resistance 1, electricity resistance, unbreathing,
petrification resistance, rot immunity, AC +8
a: Berserk, Trog's Hand, Brothers in Arms, Renounce Religion


You were on level 11 of the Dungeon.
You worshipped Trog.
Trog was extremely pleased with you.
You were near starving.

You visited 2 branches of the dungeon, and saw 12 of its levels.

You collected 602 gold pieces.

Inventory:

Hand Weapons
 x - a +2 battleaxe (weapon)
Armour
 k - a +0 plate armour (worn)
Jewellery
 b - a +2 amulet of reflection (around neck)
 w - a +4 ring of strength (left hand)
 y - a ring of protection from magic (right hand)
 B - an uncursed amulet of rage
 D - an uncursed ring of protection from cold {unknown}
Wands
 z - a wand of random effects (25)
 F - a wand of paralysis (10)
 G - a wand of digging (12)
Scrolls
 a - 2 scrolls of teleportation {unknown}
 e - 17 scrolls of identify {unknown}
 h - a scroll of magic mapping {unknown}
 m - a scroll of enchant armour {unknown}
 n - 2 scrolls of amnesia {unknown}
 o - a scroll of immolation {unknown}
 q - 3 scrolls of remove curse {unknown}
 s - 2 scrolls of fog {unknown}
 t - 7 scrolls of enchant weapon {unknown}
 u - a scroll of torment {unknown}
 v - a scroll of vulnerability {unknown}
 A - a scroll of acquirement {unknown}
 C - a scroll of fear {unknown}
 E - a scroll of blinking {unknown}
Potions
 d - 2 potions of might {unknown}
 f - a potion of mutation {unknown}
 g - 4 potions of lignification {unknown}
 i - 2 potions of berserk rage {unknown}
 j - a potion of invisibility {unknown}
 l - 3 potions of curing
 p - 3 potions of haste {unknown}
 r - 4 potions of heal wounds
Comestibles
 c - 23 rations


   Skills:
 + Level 9.4 Fighting
 + Level 12.5 Axes
 + Level 8.5 Armour
 + Level 3.4 Dodging
 + Level 0.9 Stealth


You had 10 spell levels left.
You didn't know any spells.
Your spell library was empty.

Dungeon Overview and Level Annotations

Branches:
Dungeon (11/15)            Temple (1/1) D:6            Lair (0/6) D:8
    Orc: D:9-12

Altars:
Cheibriados
Dithmenos
Elyvilon
Fedhas
Gozag
Kikubaaqudgha
Nemelex Xobeh
Sif Muna
Uskayaw
Wu Jian
Xom
Zin

Shops:
D:4 (


Innate Abilities, Weirdness & Mutations

You are resistant to torment.
Your stone body is resilient. (AC +8)
You are immune to poison.
You resist negative energy. (rN+)
You are resistant to electric shocks. (rElec)
You can survive without breathing.
You are immune to petrification.
You are immune to rotting.


Message History

You see here a large rock.
You slice the manticore!!
The manticore is severely wounded.
You open the manticore like a pillowcase!!!
You kill the manticore!
Trog accepts your kill.
The cyclops throws a large rock.
The large rock closely misses you.
Unknown command.
The barbed spikes dig painfully into your body as you move.
* * * LOW HITPOINT WARNING * * *
You see here a manticore corpse.
Unknown command.
You butcher the manticore corpse.
You feel a strong urge to attack something.
You are no longer berserk.
You are exhausted.
You feel yourself slow down.
The cyclops throws a large rock.
The large rock hits you!!!
Ouch! That really hurt!
You die...

....# ....# #.......
....# #......# ....#
+......# ....# #......#
....# #......+ ....#
..... ....#### ####..#
# ##.....# #.##@.##.##+
#.....# #...(.......
#.....# #...........
#.....######...........
#............)...##....
#...#.#####......# ....
#...#.# #......?# .C.
#...#.# #.......# ..
#...#.# #......##


You could see a cyclops.

Vanquished Creatures
  Pikel (D:7)
  A manticore (D:11)
  Joseph (D:7)
  A gargoyle (D:10)
  4 trolls
  A hornet (D:7)
  A wraith (D:10)
  5 yaks (D:10)
  4 hogs (D:7)
  2 hungry ghosts
  A soldier ant (D:10)
  Duvessa (D:5)
  2 water moccasins
  4 orc warriors
  3 sky beasts
  3 ice beasts
  A black bear (D:10)
  3 phantoms
  A necrophage (D:8)
  7 ogres
  3 centaurs
  Blork the orc (D:5)
  A wyvern zombie (D:9)
  4 bullfrogs
  Dowan (D:5)
  A wyvern skeleton (D:9)
  7 scorpions
  16 wights
  9 killer bees
  2 howler monkeys
  5 crimson imps
  A bullfrog zombie (D:7)
  A lava snake (D:8)
  5 hounds
  3 jellies
  2 centaur skeletons
  2 bullfrog skeletons
  A gnoll shaman (D:6)
  5 orc wizards
  6 orc priests
  An iguana (D:4)
  4 worker ants
  A hound skeleton (D:6)
  A worker ant zombie (D:8)
  8 adders
  5 gnolls (D:6)
  3 shadow imps
  An ooze (D:2)
  An adder skeleton (D:9)
  3 dart slugs
  2 worms
  5 leopard geckos
  23 orcs
  4 giant cockroaches
  12 goblins
  10 hobgoblins
  9 jackals
  3 quokkas
  A ball python (D:4)
  10 bats
  5 frilled lizards
  5 kobolds
  7 rats
247 creatures vanquished.

Vanquished Creatures (others)
  A human (D:7)
  3 slaves (D:7)
  A quokka (D:7)
5 creatures vanquished.

Grand Total: 252 creatures vanquished

Notes
Turn   | Place    | Note
-------+----------+-------------------------------------------
     0 | D:1      | Fang the Gargoyle Berserker began the quest for the Orb.
     0 | D:1      | Reached XP level 1. HP: 14/14 MP: 1/1
   142 | D:1      | Reached XP level 2. HP: 13/19 MP: 2/2
   150 | D:1      | Reached skill level 3 in Axes
   607 | D:1      | Reached XP level 3. HP: 23/24 MP: 3/3
   636 | D:1      | Reached ** piety under Trog
  1167 | D:2      | Reached XP level 4. HP: 21/29 MP: 4/4
  1543 | D:2      | Found a shadowy altar of Dithmenos.
  1991 | D:3      | Reached skill level 4 in Axes
  1991 | D:3      | Reached XP level 5. HP: 30/33 MP: 5/5
  2304 | D:4      | Noticed an ogre
  2308 | D:4      | Killed an ogre
  2308 | D:4      | Reached XP level 6. HP: 26/39 MP: 6/6
  2651 | D:4      | Found Foydgh's Weapon Shop.
  2659 | D:4      | Found a hide-covered altar of Uskayaw.
  2659 | D:4      | Noticed a hand axe
  2660 | D:4      | Noticed a dagger
  2791 | D:4      | Reached skill level 5 in Axes
  3069 | D:4      | Found an opulent altar of Gozag.
  3093 | D:4      | Reached XP level 7. HP: 36/44 MP: 7/7
  3457 | D:4      | Found a sparkling altar of Nemelex Xobeh.
  3458 | D:4      | Found an ancient bone altar of Kikubaaqudgha.
  3459 | D:4      | Found a deep blue altar of Sif Muna.
  3516 | D:5      | Entered Level 5 of the Dungeon
  3609 | D:5      | Noticed Blork the orc
  3902 | D:5      | Killed Blork the orc
  3902 | D:5      | Reached skill level 5 in Fighting
  3902 | D:5      | Reached skill level 6 in Axes
  4046 | D:5      | Noticed Duvessa
  4049 | D:5      | Noticed Dowan
  4053 | D:5      | Killed Duvessa
  4053 | D:5      | Reached skill level 5 in Armour
  4053 | D:5      | Reached XP level 8. HP: 43/49 MP: 8/8
  4069 | D:5      | Killed Dowan
  4069 | D:5      | Reached skill level 7 in Axes
  4233 | D:5      | Found a snail-covered altar of Cheibriados.
  4276 | D:5      | Found Juatah's Assorted Antiques.
  4504 | D:6      | Reached *** piety under Trog
  4504 | D:6      | Received a gift from Trog
  4722 | D:6      | Found a staircase to the Ecumenical Temple.
  4731 | D:6      | Reached XP level 9. HP: 55/55 MP: 9/9
  4733 | D:6      | Reached skill level 8 in Axes
  4824 | Temple   | Entered the Ecumenical Temple
  5159 | D:6      | Found a glowing silver altar of Zin.
  5252 | D:7      | Noticed Pikel
  5279 | D:7      | Killed Pikel
  5279 | D:7      | Reached skill level 9 in Axes
  5324 | D:7      | Noticed Joseph
  5330 | D:7      | Killed Joseph
  5344 | D:7      | Noticed a hornet
  5352 | D:7      | Killed a hornet
  5352 | D:7      | Reached XP level 10. HP: 63/63 MP: 10/10
  5496 | D:7      | Reached skill level 10 in Axes
  6042 | D:8      | Received a gift from Trog
  6232 | D:8      | Found a shimmering altar of Xom.
  6237 | D:8      | Found a sparkling altar of Nemelex Xobeh.
  6631 | D:8      | Reached **** piety under Trog
  6639 | D:8      | Found a staircase to the Lair.
  6651 | D:8      | Reached skill level 11 in Axes
  7002 | D:9      | Reached XP level 11. HP: 49/69 MP: 11/11
  7635 | D:10     | Entered Level 10 of the Dungeon
  7681 | D:10     | Reached skill level 12 in Axes
  7718 | D:10     | Reached ***** piety under Trog
  8577 | D:11     | Noticed a manticore
  8584 | D:11     | Noticed a cyclops
  8586 | D:11     | Killed a manticore
  8588 | D:11     | Hit by a large rock thrown by a cyclops

Skill      XL: |  1  2  3  4  5  6  7  8  9 10 11 |
---------------+----------------------------------+-----
Axes           | 3 4 5 6 7 9 11 12 | 12.5
Fighting       | 4 5 6 7 8 9 |  9.4
Dodging        | 2 3 |  3.4
Armour         | 3 5 6 7 8 |  8.5
Stealth        | |  0.9

Action                   |  1- 3 |  4- 6 |  7- 9 | 10-12 || total
-------------------------+-------+-------+-------+-------++-------
Melee: Hand axe          |   140 |   118 |       |       ||   258
       Broad axe         |       |    65 |   166 |       ||   231
       Battleaxe         |       |       |    61 |   328 ||   389
Invok: Berserk           |       |     3 |     6 |     3 ||    12
 Stab: Sleeping          |     1 |       |       |       ||     1
  Eat: Chunk             |     1 |     9 |    13 |    14 ||    37
       Ration            |       |       |       |     1 ||     1
Armor: Animal skin       |    74 |     6 |       |       ||    80
       Plate armour      |       |   115 |   212 |   252 ||   579
Dodge: Dodged            |   121 |    89 |   119 |   190 ||   519
Block: Other             |       |    13 |    20 |    28 ||    61
